 Dungeon Crawl Stone Soup version 0.23.0-3-gf3c87f2 (webtiles) character file.

Game seed: 11830796357998525509

2240 ohad the Martial Artist (level 9, -8/63 HPs)
             Began as an Octopode Transmuter on Feb 22, 2019.
             Was an Initiate of Gozag.
             Mangled by an orc warrior
             ... wielding a +0 short sword
              (17 damage)
             ... on level 7 of the Dungeon.
             The game lasted 00:15:48 (6756 turns).

ohad the Martial Artist (Octopode Transmuter)       Turns: 6756, Time: 00:15:49

Health: -8/63      AC:  7    Str: 14    XL:     9   Next: 36%
Magic:  10/13      EV: 15    Int: 24    God:    Gozag
Gold:   711        SH:  0    Dex: 17    Spells: 4/14 levels left

rFire    . . .     SeeInvis .     - Unarmed
rCold    + + .     Gourm    .   (shield currently unavailable)
rNeg     . . .     Faith    .   (helmet currently unavailable)
rPois    +         Spirit   .   (no amulet)
rElec    .         Reflect  .   g - +1 ring of protection (curse)
rCorr    +         Harm     .   r - ring of fire
MR       .....                  s - ring of resist corrosion
Stlth    +++.......             (no ring)
HPRegen  0.20/turn              (no ring)
MPRegen  0.13/turn              (no ring)
                                (no ring)
                                (no ring)

@: mighty, brilliant, agile, ice-form, hasted, very quick
A: large, almost no armour, stealthy swim, amphibious, 8 rings, (constrict 8)
a: End Transformation, Potion Petition, Call Merchant, Bribe Branch, Renounce
Religion


You were on level 7 of the Dungeon.
You worshipped Gozag.
Gozag was pleased with you.
You were not hungry.
You were a creature of crystalline ice.
You visited 2 branches of the dungeon, and saw 8 of its levels.

You collected 785 gold pieces.
You paid 74 gold pieces to Gozag.

Inventory:

Hand Weapons
 u - a +0 blowgun
 E - a +2 hand axe of venom
Missiles
 a - 95 arrows
 v - 18 poisoned needles
Armour
 m - a +0 large shield
Magical Staves
 i - an uncursed staff of fire {unknown}
Jewellery
 g - a cursed +1 ring of protection (left front paw)
 k - an uncursed amulet of guardian spirit
 r - a ring of fire (right front paw)
 s - a ring of resist corrosion (on tentacle)
 B - an uncursed ring of fire
Wands
 h - a wand of digging (5)
Scrolls
 b - 3 scrolls of remove curse {unknown}
 d - a scroll of fog {unknown}
 e - a scroll of immolation {unknown}
 f - 2 scrolls of enchant weapon {unknown}
 j - a scroll of teleportation
 n - 2 scrolls of blinking {unknown}
 o - a scroll of noise {unknown}
 p - a scroll of amnesia {unknown}
 w - 2 scrolls of enchant armour {unknown}
 y - 2 scrolls of magic mapping {unknown}
 C - a scroll of random uselessness {unknown}
 D - a scroll of identify
 F - a scroll of holy word {unknown}
Potions
 l - a potion of invisibility
 q - 4 potions of lignification
 t - a potion of flight
 x - 2 potions of curing
 z - a potion of brilliance
 A - a potion of agility
Comestibles
 c - 9 rations


   Skills:
 - Level 1.0 Fighting
 - Level 2.0 Dodging
 + Level 9.2 Unarmed Combat
 - Level 3.0 Spellcasting
 - Level 6.9 Transmutations
 - Level 4.4 Ice Magic


You had 4 spell levels left.
You knew the following spells:

 Your Spells              Type           Power        Failure   Level  Hunger
a - Beastly Appendage     Tmut           ######       1%          1    None
b - Sticks to Snakes      Tmut           ######..     1%          2    ##.....
c - Spider Form           Tmut/Pois      ####......   1%          3    ###....
d - Ice Form              Ice/Tmut       #####...     1%          4    ####...

Your spell library contained the following spells:

 Spells                   Type           Power        Failure   Level  Hunger
 Corona                   Hex            ###....      1%          1    None
 Magic Dart               Conj           ###.         1%          1    None
 Blink                    Tloc           N/A          1%          2    ##.....
 Call Imp                 Summ           ###.....     1%          2    ##.....
 Slow                     Hex            ###.....     1%          2    ##.....
 Conjure Flame            Conj/Fire      ####....     4%          3    ###....
 Inner Flame              Hex/Fire       ####....     4%          3    ###....
 Mephitic Cloud           Conj/Pois/Air  ###.....     4%          3    ###....
 Portal Projectile        Hex/Tloc       ###...       4%          3    ###....
 Cause Fear               Hex            ###.......   12%         4    ####...
 Leda's Liquefaction      Hex/Erth       ###.......   12%         4    ####...
 Blade Hands              Tmut           ######....   2%          5    ######.


Dungeon Overview and Level Annotations

Branches:
Dungeon (7/15)             Temple (1/1) D:4

Altars:
Ashenzari
Dithmenos
Elyvilon
Fedhas
Gozag
Hepliaklqana
Makhleb
Nemelex Xobeh
Qazlal
Ru
Trog
Uskayaw
Wu Jian
Zin
The Shining One

Shops:
D:4 *


Innate Abilities, Weirdness & Mutations

You cannot wear most types of armour.
You are very stealthy in the water. (Stealth+)
You are amphibious.
You can wear up to eight rings at the same time.
((You can use your tentacles to constrict eight enemies at once.))
((Your skin changes colour to match your surroundings (Stealth+).))
((Your rubbery body absorbs attacks. (AC +1, EV +1)))


Message History

The orc warrior hits you with a +0 short sword!
* * * LOW HITPOINT WARNING * * *
The orc barely misses you.
You hit the orc warrior. You freeze the orc warrior.
The orc warrior is heavily wounded.
The orc warrior hits you with a +0 short sword.
* * * LOW HITPOINT WARNING * * *
The orc barely misses you.
Unknown command.
Okay, then. [a] - 0 gold - flight, agility, invisibility, haste and brilliance [b] - 0 gold - might, agility, haste and brilliance [c] - 0 gold - haste and flight Purchase which effect?
You feel very mighty all of a sudden.
You feel agile all of a sudden.
You feel yourself speed up.
You feel clever all of a sudden.
The orc warrior hits you with a +0 short sword!
You die...
Your body crumbles into a pile of gold.

#################
#...ooY.........#
#.#############.# ###.######
#.# ..#........# #.#
##.#.#.####.#### #.#
#...o#.........# ###.###
#....#.........# #.....#
#..o.#.........# #...#.#
#....#......##########.#####


You could see an orc warrior and an orc.

Vanquished Creatures
  2 water moccasins (D:4)
  A black bear (D:7)
  2 ice beasts
  2 phantoms
  2 ogres (D:7)
  2 bullfrogs
  A gnoll sergeant (D:7)
  3 scorpions
  3 crimson imps
  3 jellies
  A centaur zombie (D:7)
  A quasit (D:5)
  3 hounds
  3 orc priests
  4 orc wizards
  3 worker ants
  A hound zombie (D:7)
  4 gnolls (D:7)
  8 adders
  An ooze (D:1)
  2 adder skeletons
  A worm (D:3)
  2 dart slugs
  5 leopard geckos
  15 orcs
  6 giant cockroaches
  3 goblins
  5 hobgoblins
  7 jackals
  3 quokkas
  A ball python (D:3)
  8 bats
  5 frilled lizards
  A jackal skeleton (D:6)
  9 kobolds
  9 rats
132 creatures vanquished.

Vanquished Creatures (collateral kills)
  Grinder (D:3)
  A water moccasin (D:4)
2 creatures vanquished.

Grand Total: 134 creatures vanquished

Notes
Turn   | Place    | Note
-------+----------+-------------------------------------------
     0 | D:1      | ohad the Octopode Transmuter began the quest for the Orb.
     0 | D:1      | Reached XP level 1. HP: 13/13 MP: 3/3
   280 | D:1      | Reached XP level 2. HP: 18/18 MP: 5/5
   961 | D:2      | Learned a level 2 spell: Sticks to Snakes
   969 | D:2      | Reached XP level 3. HP: 22/23 MP: 4/6
  1134 | D:2      | You fall through a shaft for 2 floors!
  1144 | D:4      | Reached XP level 4. HP: 15/28 MP: 5/7
  1365 | D:4      | Reached skill level 5 in Transmutations
  1365 | D:4      | Reached XP level 5. HP: 19/33 MP: 5/8
  1597 | D:4      | Learned a level 3 spell: Spider Form
  2156 | D:3      | Noticed Grinder
  2171 | D:3      | Paralysed by Grinder for 2 turns
  2172 | D:3      | HP: 1/33 [Grinder/nerve-wracking pain (6)]
  2178 | D:3      | Killed Grinder
  2178 | D:3      | Reached XP level 6. HP: 18/38 MP: 1/9
  2651 | D:3      | Found a faded altar of an unknown god.
  3402 | D:2      | Found a burning altar of Makhleb.
  3619 | D:4      | Found a hazy altar of Hepliaklqana.
  3656 | D:4      | Reached XP level 7. HP: 29/43 MP: 3/11
  3916 | D:4      | Learned a level 4 spell: Ice Form
  4003 | D:4      | Found a staircase to the Ecumenical Temple.
  4010 | Temple   | Entered the Ecumenical Temple
  4019 | Temple   | Became a worshipper of Gozag Ym Sagoz the Greedy
  4065 | D:4      | Reached skill level 1 in Ice Magic
  4158 | D:4      | Found Faepleeh's Serpentskin Sales.
  4699 | D:5      | Entered Level 5 of the Dungeon
  4707 | D:5      | Reached XP level 8. HP: 42/48 MP: 12/12
  4851 | D:5      | Reached skill level 4 in Unarmed Combat
  5008 | D:5      | Reached skill level 5 in Unarmed Combat
  5188 | D:6      | Found a shattered altar of Ashenzari.
  5360 | D:6      | Found a bloodstained altar of Trog.
  5462 | D:6      | Identified the cursed +1 scale mail "Tesyoz" {rElec}
  5474 | D:6      | Reached skill level 6 in Unarmed Combat
  5592 | D:6      | Found an ornate altar of the Wu Jian Council.
  5593 | D:6      | Found a sacrificial altar of Ru.
  5705 | D:6      | Found a glowing golden altar of the Shining One.
  6058 | D:7      | Reached skill level 7 in Unarmed Combat
  6334 | D:7      | Reached XP level 9. HP: 53/53 MP: 13/13
  6367 | D:7      | Reached skill level 8 in Unarmed Combat
  6612 | D:7      | Reached skill level 9 in Unarmed Combat
  6756 | D:7      | Mangled by an orc warrior

Skill      XL: |  1  2  3  4  5  6  7  8  9 |
---------------+----------------------------+-----
Transmutations | 3 4 5 6 |  6.9
Spellcasting   | 3 |  3.0
Ice Magic      | 4 |  4.4
Unarmed Combat | 7 9 |  9.2
Fighting       | |  1.0
Dodging        | |  2.0

Action                   |  1- 3 |  4- 6 |  7- 9 || total
-------------------------+-------+-------+-------++-------
Melee: Unarmed           |    59 |   126 |   259 ||   444
       Constrict         |    16 |    25 |    13 ||    54
       Tentacles         |     7 |    10 |     9 ||    26
       Kick              |     8 |    18 |     1 ||    27
       Punch             |     1 |     3 |     2 ||     6
 Cast: Beastly Appendage |     9 |    14 |     2 ||    25
       Sticks to Snakes  |       |     6 |     3 ||     9
       Spider Form       |       |     5 |     1 ||     6
       Ice Form          |       |       |    13 ||    13
Invok: Potion Petition   |       |       |     1 ||     1
  Use: Potion            |       |     1 |     2 ||     3
       Scroll            |       |     4 |     3 ||     7
 Stab: Sleeping          |     4 |     6 |     3 ||    13
       Distracted        |       |     1 |       ||     1
  Eat: Chunk             |     1 |     9 |     2 ||    12
       Ration            |       |       |     4 ||     4
Armor: Skin              |     6 |    25 |    65 ||    96
Dodge: Dodged            |    47 |    85 |   148 ||   280
